 Dungeon Crawl Stone Soup version 0.29.1-12-g30fa7ad0bf (webtiles) character file.

Game seed: 2153072380637768482

184 H0rd4k the Insei (level 5, -2/35 HPs)
             Began as an Octopode Artificer on Dec 12, 2022.
             Slain by a river rat (6 damage)
             ... in a sewer.
             The game lasted 00:02:47 (3645 turns).

H0rd4k the Insei (Octopode Artificer)               Turns: 3645, Time: 00:02:47

Health: -2/35      AC:  1    Str: 12    XL:     5   Next: 64%
Magic:  8/8        EV: 13    Int: 15    God:
Gold:   72         SH:  0    Dex: 12    Spells: 8/8 levels left

rFire   + . .      SeeInvis .     - Unarmed
rCold   . . .      Faith    .   (no shield)
rNeg    . . .      Spirit   .   (helmet restricted)
rPois   .          Reflect  .   (no amulet)
rElec   .          Harm     .   f - +4 ring of slaying
rCorr   .          Rampage  .   n - ring of protection from fire
Will    .....                   (no ring)
Stlth   +++.......              (no ring)
HPRegen 0.11/turn               (no ring)
MPRegen 0.11/turn               (no ring)
                                (no ring)
                                (no ring)

@: no status effects
A: almost no armour, amphibious, 8 rings, camouflage 1, gelatinous body 1,
(nimble swimmer 1), tentacles
a: no special abilities


You were in a sewer.
You visited 1 branch of the dungeon, and saw 3 of its levels.
You also visited: Sewer.

You collected 72 gold pieces.

Inventory:

Missiles
 o - 5 poisoned darts
Magical Staves
 m - a staff of conjuration
Jewellery
 f - a +4 ring of slaying (left tentacle)
 n - a ring of protection from fire (right tentacle)
 q - a ring of wizardry
Wands
 b - a wand of flame (13) (quivered)
 c - a wand of charming (14)
 d - a wand of iceblast (4)
 p - a wand of polymorph (7)
Scrolls
 a - 4 scrolls of identify {unknown}
 e - a scroll of magic mapping {unknown}
 i - 2 scrolls of blinking {unknown}
 k - a scroll of enchant weapon {unknown}
Potions
 g - 3 potions of ambrosia {unknown}
 h - 2 potions of attraction {unknown}
 j - a potion of degeneration {unknown}
 l - a potion of lignification {unknown}


   Skills:
 * Level 2.6 Fighting
 - Level 2.3 Dodging
 - Level 1.3 Stealth
 + Level 3.4 Unarmed Combat
 * Level 2.2 Spellcasting
 - Level 3.2 Evocations


You had 8 spell levels left.
You didn't know any spells.
Your spell library contained the following spells:

 Spells                   Type           Power      Damage    Failure   Level
 Blink                    Tloc           2%         N/A       32%         2
 Confusing Touch          Hex            1%         N/A       54%         3
 Manifold Assault         Tloc           1%         N/A       99%         5
 Yara's Violent Unravell  Hex/Tmut       0%         3d3       99%         5
 Enfeeble                 Hex            0%         N/A       100%        7
 Storm Form               Tmut/Air       0%         N/A       100%        7


Dungeon Overview and Level Annotations

Branches:
Dungeon (3/15)              Sewer (1/1)

Altars:


Innate Abilities, Weirdness & Mutations

You cannot wear most types of armour.
You are amphibious.
You can wear up to eight rings at the same time.
Your skin changes colour to match your surroundings (Stealth+).
Your rubbery body absorbs attacks. (AC +1, EV +1)
((You are camouflaged when in or above water. (Stealth+)))
You have tentacles for arms and can constrict up to eight enemies at once.


Message History

You tentacle-slap the ball python.
You kill the ball python!
The rat misses you.
You completely miss the rat. Your grab misses the rat. You squeeze the rat.
You kill the rat!
A river rat comes into view.
You bludgeon the rat!
You kill the rat!
A rat comes into view.
The ball python barely misses you. x2
A ball python comes into view.
The ball python barely misses you. The ball python grabs you.
The ball python constricts you.
You tentacle-slap the ball python.
You kill the ball python!
The ball python misses you. The ball python grabs you.
The ball python constricts you.
You bludgeon the ball python!
You kill the ball python!
You tentacle-slap the rat. Your grab misses the rat.
The rat is severely wounded.
The rat bites you.
You tentacle-slap the rat.
You kill the rat!
The river rat bites you.
You tentacle-slap the river rat. You grab the river rat.
The river rat is lightly wounded.
You constrict the river rat, but do no damage.
The river rat barely misses you. The river rat bites you!
You barely miss the river rat.
The river rat is lightly wounded.
You constrict the river rat. The river rat bites you. The river rat bites you!
* * * LOW HITPOINT WARNING * * *
You release your grip on the river rat.
The river rat attacks as you move away! The river rat barely misses you.
Aiming: Charm
Press: ? - help, Shift-Dir - straight line, f - rat
Aim: a rat (chance to affect: 73%)
The rat is charmed.
The river rat barely misses you. The river rat bites you.
You die...

####
######...##
#####
##..........
....##
##.........
.....#
#....S†.#
.∩∩..#
##...rr.#
.....#
#....@r##
..~~##
#.~~.~##
≈~≈≈≈#
#≈≈~≈~≈#
~~≈~≈#
#≈≈~~≈≈#
~~~≈≈#
#≈≈~≈≈≈#
≈~~~≈#
#≈≈~~~≈#
≈≈~≈≈#
#≈≈≈~#÷#
~#~≈≈#
#≈≈~≈÷≈#
≈~≈≈≈#
#≈≈≈≈~~#


You could see 2 river rats, a ball python and a friendly rat (charmed).

Vanquished Creatures
  An iguana (D:3)
  2 adders (D:2)
  6 river rats (Sewer)
  3 orcs (D:3)
  7 ball pythons
  6 endoplasms
  7 giant cockroaches
  8 goblins
  A hobgoblin (D:2)
  8 jackals (D:1)
  3 kobolds
  2 quokkas
  7 bats
  2 frilled lizards (D:1)
  21 rats
84 creatures vanquished.

Vanquished Creatures (others)
  2 fungi (D:1)
2 creatures vanquished.

Grand Total: 86 creatures vanquished

Notes
Turn   | Place    | Note
-------+----------+-------------------------------------------
     0 | D:1      | H0rd4k the Octopode Artificer began the quest for the Orb.
     0 | D:1      | Reached XP level 1. HP: 13/13 MP: 1/1
   111 | D:1      | Reached XP level 2. HP: 6/18 MP: 1/3
   377 | D:1      | Reached skill level 1 in Spellcasting
   834 | D:1      | Reached XP level 3. HP: 24/24 MP: 4/4
   912 | D:1      | Reached skill level 1 in Unarmed Combat
  1796 | D:2      | Reached XP level 4. HP: 8/29 MP: 6/6
  2791 | D:3      | Reached XP level 5. HP: 23/35 MP: 6/8
  2797 | D:3      | Found a glowing drain.
  2806 | Sewer    | Entered a sewer
  3645 | Sewer    | Slain by a river rat

Illustrated notes

Levels and vault maps discovered:
D:1:      scummos_arrival_simple_fountains, layout_loops_ring,
          dreamdust_mushroom_princess, nicolae_titane
D:2:      layout_basic
D:3:      layout_basic, portal_sewer_entry_f, kennysheep_generic_room_5
Sewer:    sewer_minmay_w

Skill      XL: |  1  2  3  4  5 |
---------------+----------------+-----
Spellcasting   | 1 2 |  2.2
Unarmed Combat | 1 2 3 |  3.4
Fighting       | 2 |  2.6
Dodging        | |  2.3
Stealth        | |  1.3
Evocations     | |  3.2

Action                   |  1- 3 |  4- 6 || total
-------------------------+-------+-------++-------
Melee: Unarmed           |   105 |    73 ||   178
       Constrict         |    29 |    14 ||    43
       Tentacles         |    15 |    10 ||    25
       Punch             |     3 |       ||     3
Evoke: Wand              |       |     4 ||     4
 Stab: Sleeping          |    10 |     6 ||    16
Armor: Skin              |    10 |     3 ||    13
Dodge: Dodged            |    57 |    43 ||   100
